[Event "Titled Tuesday Blitz March 01 Late 2022"]
[White "Shuvalova, Polina"]
[Black "Kevlishvili, Robby"]
[WhiteFideId "24171760"]
[BlackFideId "1040634"]
[WhiteElo "2355"]
[BlackElo "2584"]
[Result "0-1"]
[Round "03"]
[TimeControl "180+1"]
[Date "2022.03.01"]
[WhiteClock "0:00:05"]
[BlackClock "0:00:52"]

1. d4 Nf6 2. Nf3 d5 3. Bf4 c5 4. e3 Nc6 5. Nbd2 e6 6. c3 Bd6 7. Bb5 O-O 8. O-O cxd4 9. Bxd6 Qxd6 10. exd4 Bd7 11. Qe2 a6 12. Bd3 b5 13. a3 Na5 14. Rae1 Nc4 15. Nb3 a5 16. Nc5 Rfb8 17. h4 Be8 18. g4 Qf4 19. g5 Nh5 20. Kh1 Qg4 21. Rg1 Qh3+ 22. Nh2 Nf4 23. Rg3 Qxg3 24. fxg3 Nxe2 25. Rxe2 b4 26. axb4 axb4 27. Bxc4 dxc4 28. Nf3 Bc6 29. Kg2 bxc3 30. bxc3 Rb1 31. Kf2 Rc1 32. Ne5 Bd5 33. Re3 Ra2+ 34. Re2 Rxe2+ 35. Kxe2 Rxc3 36. Kd2 Rxg3 37. Ncd7 c3+ 38. Kc2 Be4+ 39. Kc1 Rg1# 0-1


[Site "https://www.chess.com"]

[Event "Titled Tuesday Blitz March 01 Late 2022"]
[White "Sjugirov, Sanan"]
[Black "Al-Tarboush, Ward"]
[WhiteFideId "4189302"]
[BlackFideId "7601450"]
[WhiteElo "2602"]
[BlackElo "2276"]
[Result "1-0"]
[Round "03"]
[TimeControl "180+1"]
[Date "2022.03.02"]
[WhiteClock "0:01:22"]
[BlackClock "0:00:29"]

1. d4 b6 2. e4 Bb7 3. Bd3 e6 4. Nf3 c5 5. c3 Nf6 6. e5 Nd5 7. O-O Nc6 8. a3 cxd4 9. cxd4 Be7 10. Bd2 O-O 11. Nc3 Nxc3 12. Bxc3 f5 13. d5 exd5 14. Bc2 Na5 15. Bxa5 bxa5 16. Bb3 Rb8 17. Bxd5+ Bxd5 18. Qxd5+ Kh8 19. Rab1 Qc8 20. Rfd1 Qb7 21. Qxa5 Rfc8 22. Qd2 Bxa3 23. b3 Be7 24. h3 Rc7 25. Nd4 Qe4 26. Re1 Qd5 27. Qf4 Rb4 28. Rbd1 g5 29. Qd2 f4 30. e6 dxe6 31. Rxe6 Rd7 32. Rxe7 Rxe7 33. Qxb4 Rd7 34. Qf8+ 1-0


[Site "https://www.chess.com"]

[Event "Titled Tuesday Blitz March 01 Late 2022"]
[White "Srebrnic, Marko"]
[Black "Bellissimo, Joseph F."]
[WhiteFideId "14603616"]
[BlackFideId "2609843"]
[WhiteElo "2340"]
[BlackElo "2061"]
[Result "0-1"]
[Round "03"]
[TimeControl "180+1"]
[Date "2022.03.02"]
[WhiteClock "0:00:04"]
[BlackClock "0:00:13"]

1. e4 e6 2. d4 d5 3. Nc3 Nf6 4. Bg5 dxe4 5. Nxe4 Be7 6. Nxf6+ Bxf6 7. Bxf6 Qxf6 8. Nf3 Nc6 9. Bb5 Bd7 10. O-O O-O-O 11. c3 g5 12. Re1 h5 13. Bxc6 Bxc6 14. Ne5 Be8 15. a4 Qg7 16. a5 f6 17. Nd3 e5 18. a6 b6 19. Qf3 c6 20. dxe5 g4 21. Qf5+ Kb8 22. exf6 Qc7 23. Re7 Bd7 24. Qe5 Rhf8 25. f7 h4 26. b4 h3 27. g3 Kc8 28. c4 c5 29. Qxc7+ Kxc7 30. bxc5 bxc5 31. Rae1 Kd6 32. Nf4 Bf5 33. f3 gxf3 34. Kf2 Kc6 35. Kxf3 Rb8 36. Nd5 Rb3+ 37. R1e3 Rb1 38. Rxa7 Rf1+ 39. Ke2 Rh1 40. Rc7+ Kd6 41. a7 Rxh2+ 42. Ke1 Rh1+ 43. Kf2 h2 44. Kg2 Rf1 45. Kxh2 Rh8+ 46. Kg2 Rhh1 47. Re6+ Bxe6 48. f8=Q+ Rxf8 49. Kxh1 Bxd5+ 50. cxd5 Kxc7 51. d6+ Kxd6 52. g4 Ra8 0-1


[Site "https://www.chess.com"]

[Event "Titled Tuesday Blitz March 01 Late 2022"]
[White "Suder, Jakub"]
[Black "Nakamura, Hikaru"]
[WhiteFideId "1195310"]
[BlackFideId "2016192"]
[WhiteElo "2058"]
[BlackElo "2850"]
[Result "0-1"]
[Round "03"]
[TimeControl "180+1"]
[Date "2022.03.01"]
[WhiteClock "0:00:23"]
[BlackClock "0:01:54"]

1. d4 g6 2. c4 Bg7 3. Nc3 c5 4. d5 Bxc3+ 5. bxc3 f5 6. e4 fxe4 7. f3 Qa5 8. Qc2 d6 9. fxe4 Nf6 10. Bd3 e5 11. dxe6 Bxe6 12. Nf3 Nc6 13. O-O Nd7 14. Ng5 Bg8 15. e5 Ndxe5 16. Bf4 O-O-O 17. Be4 Bxc4 18. Rfb1 d5 19. Bf5+ gxf5 20. Qxf5+ Rd7 21. Bxe5 Nxe5 22. Qxe5 Rg8 23. Rb2 Qc7 24. Qe3 Re7 25. Qd2 Qe5 26. Nf3 Qe3+ 27. Qxe3 Rxe3 28. Rab1 Rxf3 29. Rxb7 Rf1+ 30. Rxf1 Kxb7 31. Rf7+ Kb6 32. Rxh7 Bxa2 0-1


[Site "https://www.chess.com"]

[Event "Titled Tuesday Blitz March 01 Late 2022"]
[White "Suleymanli, Aydin"]
[Black "Leiva, Gianmarco"]
[WhiteFideId "13413937"]
[BlackFideId "3804399"]
[WhiteElo "2529"]
[BlackElo "2328"]
[Result "0-1"]
[Round "03"]
[TimeControl "180+1"]
[Date "2022.03.01"]
[WhiteClock "0:00:03"]
[BlackClock "0:00:09"]

1. e4 c5 2. Nf3 d6 3. h3 Nf6 4. c3 g6 5. Bd3 Bg7 6. Bc2 e5 7. d4 exd4 8. cxd4 cxd4 9. O-O O-O 10. Nxd4 Nc6 11. Nxc6 bxc6 12. Nc3 Rb8 13. Rb1 Re8 14. Bf4 Bf8 15. Bh2 Be6 16. e5 Nd5 17. Ne4 dxe5 18. Bxe5 Rb7 19. Bb3 Bf5 20. Bxd5 Bxe4 21. Bxe4 Qxd1 22. Rfxd1 Rxe5 23. Bf3 Bc5 24. Kf1 Rb6 25. b3 a5 26. Rd8+ Kg7 27. Ra8 Bb4 28. Rd1 c5 29. Ra7 Rd6 30. Rb1 Rd2 31. g3 Bc3 32. Kg2 Bd4 33. Rf1 Rxa2 34. h4 h5 35. Rb7 Rf5 36. Ra7 Rb2 37. Rxa5 Rxb3 38. Be4 Rf6 39. Bd5 Rb2 40. Ra2 Rbb6 41. Re2 Rbd6 42. Bc4 Rb6 43. Rd1 Rb4 44. Rc1 Ra4 45. Rcc2 Ra3 46. Bd5 Rd3 47. Re7 Bxf2 48. Bc4 Rd4 49. Bxf7 Rxf7 50. Rxf7+ Kxf7 51. Kxf2 c4 52. Ke3 Rg4 53. Kf3 Ke6 54. Re2+ Kd5 55. Re8 Kd4 56. Rd8+ Kc3 57. Rb8 Kc2 58. Rc8 c3 59. Rc6 Kd2 60. Rd6+ Kc1 61. Rc6 c2 62. Ke2 Rxg3 63. Rc5 Rg2+ 64. Kd3 Kd1 65. Rf5 Rg3+ 66. Rf3 Rxf3+ 0-1


[Site "https://www.chess.com"]

[Event "Titled Tuesday Blitz March 01 Late 2022"]
[White "Svane, Rasmus"]
[Black "Pinheiro, Iung Alicio de O."]
[WhiteFideId "4657101"]
[BlackFideId "2104350"]
[WhiteElo "2645"]
[BlackElo "2518"]
[Result "1-0"]
[Round "03"]
[TimeControl "180+1"]
[Date "2022.03.02"]
[WhiteClock "0:00:08"]
[BlackClock "0:00:02"]

1. Nf3 c5 2. c4 g6 3. d4 cxd4 4. Nxd4 Nc6 5. e4 Nf6 6. Nc3 d6 7. f3 Nxd4 8. Qxd4 Bg7 9. Be3 O-O 10. Qd2 a5 11. Be2 a4 12. Kf2 Be6 13. h4 Qa5 14. Nb5 Rfc8 15. Qxa5 Rxa5 16. Rac1 Raa8 17. Rc2 Nd7 18. Rhc1 Nc5 19. Nc3 f5 20. exf5 Bxf5 21. Rd2 Be6 22. Ke1 a3 23. b4 Nb3 24. axb3 Bxc3 25. Rxc3 a2 26. Rxa2 Rxa2 27. b5 Rca8 28. Bd4 Kf7 29. Re3 Rc2 30. Rc3 Ra1+ 31. Kf2 Rd2 32. Be3 Rb2 33. Bd4 Raa2 34. Re3 Rd2 35. Bc3 Rdc2 36. Bd4 Bd7 37. Ke1 e5 38. Bb6 Bf5 39. Bc7 Ke7 40. b6 Rd2 41. g4 Be6 42. c5 dxc5 43. Rxe5 Kd7 44. Bb5+ Ke7 45. Bc4 Rdb2 46. Rxe6+ Kd7 47. Re2 Rb1+ 48. Kf2 Rxe2+ 49. Kxe2 Rb2+ 50. Ke3 Rc2 51. Kf4 Rd2 52. Kg5 Rd4 53. Kh6 Ke7 54. Kxh7 Kf6 55. g5+ Kf5 56. Bf7 Rd7 57. Kg7 c4 58. bxc4 Re7 59. c5 Rd7 60. Kf8 Rd3 61. Be8 Rc3 62. c6 bxc6 63. b7 Rb3 64. Bd7# 1-0


[Site "https://www.chess.com"]

[Event "Titled Tuesday Blitz March 01 Late 2022"]
[White "Thavandiran, Shiyam"]
[Black "Sarana, Alexey"]
[WhiteFideId "2605058"]
[BlackFideId "24133795"]
[WhiteElo "2357"]
[BlackElo "2665"]
[Result "0-1"]
[Round "03"]
[TimeControl "180+1"]
[Date "2022.03.01"]
[WhiteClock "0:00:03"]
[BlackClock "0:00:11"]

1. e4 c5 2. Nf3 d6 3. d4 cxd4 4. Nxd4 Nf6 5. Nc3 a6 6. h3 e5 7. Nde2 b5 8. g4 b4 9. Nd5 Nxd5 10. Qxd5 Ra7 11. Be3 Be6 12. Qd2 Rd7 13. Bg2 d5 14. exd5 Bxd5 15. Bxd5 Rxd5 16. Qc1 Be7 17. Ng3 O-O 18. O-O Nc6 19. c3 bxc3 20. bxc3 Bc5 21. Bxc5 Rxc5 22. Qe3 Rc4 23. Rfd1 Qc7 24. Rd5 Ne7 25. Rxe5 Ng6 26. Re8 Rxc3 27. Rxf8+ Nxf8 28. Qe2 Ne6 29. Rd1 g6 30. Rd3 Rc1+ 31. Kh2 h6 32. Qe3 Kh7 33. Rd7 Qxd7 34. Qxc1 Qd5 35. a4 Nd4 36. h4 Nf3+ 37. Kh3 Qe6 38. Qf4 Ne5 39. f3 Nd3 40. Qd2 Qc4 41. Ne4 Qd4 42. Kg3 Qe5+ 43. Kh3 Nf4+ 44. Kh2 Nd5+ 45. Kh3 Kg7 46. g5 h5 47. a5 Nf4+ 48. Kh2 Nd5+ 49. Kh3 Kf8 50. Qc1 Nf4+ 51. Kh2 Nd3+ 52. f4 Qxe4 53. Qc8+ Kg7 54. Qc3+ Kh7 0-1


[Site "https://www.chess.com"]

[Event "Titled Tuesday Blitz March 01 Late 2022"]
[White "Tomb, Maroun"]
[Black "Kozak, Adam"]
[WhiteFideId "5300398"]
[BlackFideId "753246"]
[WhiteElo "2556"]
[BlackElo "2459"]
[Result "1-0"]
[Round "03"]
[TimeControl "180+1"]
[Date "2022.03.01"]
[WhiteClock "0:01:13"]
[BlackClock "0:02:21"]

1. e4 c5 2. Ne2 a6 3. c4 e6 4. Nbc3 Qc7 5. d4 cxd4 6. Nxd4 Nf6 7. f3 Bb4 8. Be3 d6 9. Be2 Bxc3+ 10. bxc3 Nbd7 11. O-O O-O 12. Rb1 b6 13. g4 Nc5 14. g5 Nfd7 15. Qe1 Bb7 16. h4 d5 17. cxd5 exd5 18. exd5 Rfe8 19. Qd2 Qg3+ 20. Kh1 Qh3+ 21. Kg1 Qg3+ 22. Kh1 Qxh4+ 23. Kg2 Bxd5 24. Rh1 Qg4+ 25. Kf2 Qf5 26. Nxf5 Re5 27. Qxd5 Rxd5 28. Ne7+ 1-0


[Site "https://www.chess.com"]

[Event "Titled Tuesday Blitz March 01 Late 2022"]
[White "Urbina Perez, Juan Antonio"]
[Black "Novikova, Galina"]
[WhiteFideId "2217368"]
[BlackFideId "4157095"]
[WhiteElo "2192"]
[BlackElo "1863"]
[Result "0-1"]
[Round "03"]
[TimeControl "180+1"]
[Date "2022.03.02"]
[WhiteClock "0:01:43"]
[BlackClock "0:01:43"]

1. d4 e6 2. Nf3 f5 3. Nc3 Nf6 4. Bg5 Be7 5. Bxf6 Bxf6 6. e4 O-O 7. Qd2 a6 8. O-O-O b5 9. exf5 exf5 10. Nd5 Bb7 11. Nxf6+ Qxf6 12. Ne5 d6 13. Nd3 Qxd4 14. h4 Nc6 15. Qg5 h6 16. Qg3 Qg4 17. Qh2 Rae8 18. f3 Qg6 19. Nf4 Qf7 20. Kb1 Nb4 21. b3 Nd5 22. Nxd5 Bxd5 23. Bd3 c6 24. Rhf1 a5 25. Qxd6 a4 26. g4 axb3 27. cxb3 Bxb3 28. axb3 Qxb3+ 29. Kc1 Qc3+ 30. Bc2 Re2 31. Qd3 Qa1+ 32. Bb1 Qb2# 0-1


[Site "https://www.chess.com"]

[Event "Titled Tuesday Blitz March 01 Late 2022"]
[White "Van Foreest, Jorden"]
[Black "Jacobson, Aaron"]
[WhiteFideId "1039784"]
[BlackFideId "2089912"]
[WhiteElo "2609"]
[BlackElo "2265"]
[Result "1-0"]
[Round "03"]
[TimeControl "180+1"]
[Date "2022.03.02"]
[WhiteClock "0:01:49"]
[BlackClock "0:00:10"]

1. Nf3 d5 2. b3 Nc6 3. Bb2 Bg4 4. d4 e6 5. e3 Nf6 6. c4 Bf5 7. Be2 Nb4 8. Na3 h6 9. O-O Be7 10. c5 O-O 11. Bc3 a5 12. Bxb4 axb4 13. Nc2 b6 14. Nxb4 bxc5 15. Nc6 Qd6 16. Nxe7+ Qxe7 17. dxc5 Qxc5 18. Qd4 Qd6 19. Rfc1 Nd7 20. b4 Ra4 21. a3 Rfa8 22. Qb2 c5 23. Bb5 R4a7 24. Bxd7 cxb4 25. Bc6 bxa3 26. Qd4 a2 27. Bxa8 Rxa8 28. Nd2 Qa3 29. h3 Bb1 30. Qc3 Qa7 31. Nxb1 axb1=Q 32. Rcxb1 d4 33. Rxa7 Kh7 34. Qd3+ f5 35. Rxa8 Kg6 36. Qxd4 Kh5 37. Qxg7 e5 38. Rf8 Kh4 39. Rxf5 h5 40. Qg3# 1-0


[Site "https://www.chess.com"]

[Event "Titled Tuesday Blitz March 01 Late 2022"]
[White "Vargas Pereda, Jesus Manue"]
[Black "Janaszak, Dawid"]
[WhiteFideId "5115710"]
[BlackFideId "1119206"]
[WhiteElo "1777"]
[BlackElo "2199"]
[Result "0-1"]
[Round "03"]
[TimeControl "180+1"]
[Date "2022.03.02"]
[WhiteClock "0:00:26"]
[BlackClock "0:00:33"]

1. d4 e6 2. Nf3 f5 3. g3 Nf6 4. Bg2 Be7 5. O-O O-O 6. c4 Qe8 7. Nc3 d6 8. Bg5 Ne4 9. Bxe7 Qxe7 10. Qc2 Nxc3 11. Qxc3 Nd7 12. Rfe1 e5 13. e4 f4 14. dxe5 Nxe5 15. Nxe5 dxe5 16. Rad1 Be6 17. b3 fxg3 18. hxg3 Qf6 19. Rd2 Rf7 20. Red1 Raf8 21. Qb2 h5 22. Rc2 h4 23. Rd3 Bg4 24. gxh4 Qxh4 25. Rg3 Qh5 26. Rd2 Rf6 27. Qc3 Rh6 28. Qe3 b6 29. Rd5 c6 30. Rd2 Rhf6 31. Bh3 Rf4 32. Bxg4 Rxg4 33. Rxg4 Qxg4+ 34. Qg3 Rf4 35. Qxg4 Rxg4+ 36. Kh2 Rxe4 37. Kg3 Rf4 38. Rd8+ Rf8 39. Rd7 Rf7 40. Rd8+ Kh7 41. Re8 Rf5 42. Kg4 Rxf2 43. Rxe5 Rxa2 44. Re6 c5 45. Re7 Kg6 46. Re6+ Kf7 47. Rc6 Ra3 48. Rc7+ Kf6 49. Kf4 g5+ 50. Kg4 Rxb3 51. Rxa7 Ke5 52. Kxg5 Kd4 53. Kf4 Kxc4 54. Ke4 b5 55. Ra8 Rd3 56. Rc8 Rd4+ 57. Ke3 b4 58. Rb8 b3 59. Ke2 Kc3 60. Ke1 b2 61. Rh8 b1=Q+ 0-1


[Site "https://www.chess.com"]

[Event "Titled Tuesday Blitz March 01 Late 2022"]
[White "Vifleemskaia, Svetlana"]
[Black "Erdogdu, Mert"]
[WhiteFideId "4129490"]
[BlackFideId "6301495"]
[WhiteElo "1901"]
[BlackElo "2485"]
[Result "1-0"]
[Round "03"]
[TimeControl "180+1"]
[Date "2022.03.02"]
[WhiteClock "0:00:30"]
[BlackClock "0:00:14"]

1. d4 d5 2. c4 e6 3. Nc3 c5 4. cxd5 exd5 5. Nf3 Nc6 6. g3 Nf6 7. Bg2 Be7 8. O-O O-O 9. Be3 c4 10. Bg5 h6 11. Bxf6 Bxf6 12. e3 Be6 13. b3 cxb3 14. axb3 Rc8 15. Na4 Be7 16. Ne5 Nxe5 17. dxe5 Qa5 18. Qd4 Rc2 19. Rfd1 Rfc8 20. Bxd5 Rd8 21. e4 b5 22. Nc5 Bxc5 23. Rxa5 Bxd4 24. Rxd4 Bh3 25. Ra1 Rd7 26. Rad1 Kf8 27. R4d2 Rxd2 28. Rxd2 a5 29. f3 Ra7 30. Bc6 a4 31. Rd8+ Ke7 32. Re8# 1-0


[Site "https://www.chess.com"]

[Event "Titled Tuesday Blitz March 01 Late 2022"]
[White "Villegas, Pierre"]
[Black "Wagner, Dennis"]
[WhiteFideId "654183"]
[BlackFideId "24650684"]
[WhiteElo "2410"]
[BlackElo "2355"]
[Result "1-0"]
[Round "03"]
[TimeControl "180+1"]
[Date "2022.03.02"]
[WhiteClock "0:00:26"]
[BlackClock "0:00:03"]

1. c4 e5 2. Nc3 Nf6 3. Nf3 Nc6 4. e4 Bb4 5. d3 d6 6. g3 Bg4 7. Bg2 O-O 8. O-O Nd4 9. Be3 Bc5 10. Na4 Re8 11. a3 a6 12. Nxc5 dxc5 13. Bxd4 cxd4 14. h3 Bd7 15. b4 g6 16. Nd2 Qe7 17. f4 Nh5 18. Qf3 exf4 19. gxf4 f5 20. e5 Bc6 21. Qf2 Bxg2 22. Kxg2 Rad8 23. Nb3 g5 24. fxg5 Qxg5+ 25. Kh2 f4 26. Rg1 Ng3 27. Nxd4 Qxe5 28. Rae1 Qf6 29. Ne2 Qb2 30. Rg2 Rxd3 31. Nxf4 Qxf2 32. Rxe8+ Kf7 33. Rxf2 Kxe8 34. Nxd3 Nh5 35. Nc5 1-0


[Site "https://www.chess.com"]

[Event "Titled Tuesday Blitz March 01 Late 2022"]
[White "Voit, Daria"]
[Black "Dias, Joao Batista"]
[WhiteFideId "4182146"]
[BlackFideId "2108240"]
[WhiteElo "2323"]
[BlackElo "1898"]
[Result "1/2-1/2"]
[Round "03"]
[TimeControl "180+1"]
[Date "2022.03.02"]
[WhiteClock "0:00:06"]
[BlackClock "0:00:23"]

1. Nf3 Nf6 2. b3 g6 3. Bb2 Bg7 4. g3 O-O 5. Bg2 d6 6. O-O e5 7. c4 c6 8. d4 e4 9. Nfd2 d5 10. e3 Bg4 11. Qc2 Be2 12. Rc1 Bd3 13. Qd1 Nbd7 14. cxd5 cxd5 15. Bf1 Bxf1 16. Qxf1 Rc8 17. Nc3 Qb6 18. Na4 Qe6 19. Ba3 Rfd8 20. Qb5 b6 21. Qa6 Rxc1+ 22. Rxc1 Qh3 23. Qxa7 Ng4 24. Nf1 Qh5 25. Be7 Qf5 26. Rc2 Re8 27. Bb4 h5 28. h3 Ngf6 29. Kh2 h4 30. g4 Qf3 31. g5 Ng4+ 32. Kg1 Qxh3 33. Qxd7 Qf3 34. Qxe8+ Kh7 35. Nh2 Qd1+ 36. Kg2 Nxh2 37. Rc8 Qf3+ 38. Kxh2 Qxf2+ 39. Kh1 Qf1+ 40. Kh2 Qf2+ 41. Kh1 Qf1+ 42. Kh2 Qf2+ 1/2-1/2


[Site "https://www.chess.com"]

[Event "Titled Tuesday Blitz March 01 Late 2022"]
[White "Vusatiuk, Vladimir"]
[Black "Rustemov, Alexander"]
[WhiteFideId "14118610"]
[BlackFideId "4119002"]
[WhiteElo "2157"]
[BlackElo "2799"]
[Result "1-0"]
[Round "03"]
[TimeControl "180+1"]
[Date "2022.03.01"]
[WhiteClock "0:00:08"]
[BlackClock "0:00:02"]

1. d4 d5 2. c4 dxc4 3. Nf3 Nf6 4. e3 e6 5. Bxc4 c5 6. O-O a6 7. b3 b6 8. Bb2 Bb7 9. Nbd2 Nbd7 10. Rc1 Be7 11. a4 O-O 12. Qe2 Qb8 13. Rfd1 Rd8 14. h3 h6 15. Bd3 cxd4 16. Bxd4 Nc5 17. Bb1 Bd5 18. Ne5 Qb7 19. Bxc5 Bxc5 20. e4 Bc6 21. Nxc6 Qxc6 22. b4 Qxa4 23. bxc5 bxc5 24. Rxc5 Rd4 25. Rdc1 Rad8 26. Nf3 Rd1+ 27. Kh2 Qb3 28. Rxd1 Rxd1 29. Bc2 Qb8+ 30. e5 Rd5 31. Rxd5 Nxd5 32. Qxa6 g6 33. Bxg6 Qb4 34. Bh5 Qf4+ 35. g3 Qf5 36. Bg4 Qc2 37. Qf1 Ne3 38. Qe1 Nd5 39. h4 Kg7 40. Kh3 Qd3 41. Ng1 Nf4+ 42. Kh2 Nd5 43. Qe2 Qb1 44. Nf3 Qa1 45. Bh3 Ne7 46. Bg2 Nd5 47. Nd2 Ne7 48. Qg4+ Kf8 49. Ne4 Qxe5 50. h5 Nf5 51. Qf4 Qb2 52. Nd6 Nxd6 53. Qxd6+ Kg7 54. Qf4 Qa2 55. Qg4+ Kf8 56. Qf3 Kg7 57. Bh3 Qc4 58. Kg2 Qc2 59. Qg4+ Kf8 60. Qf4 Kg7 61. Qe5+ Kf8 62. Bg4 Kg8 63. Bf3 Kf8 64. Be4 Kg8 65. Bxc2 1-0


[Site "https://www.chess.com"]

[Event "Titled Tuesday Blitz March 01 Late 2022"]
[White "Weetik, Vjacheslav"]
[Black "Salinas Herrera, Pablo"]
[WhiteFideId "4153472"]
[BlackFideId "3407128"]
[WhiteElo "2469"]
[BlackElo "2541"]
[Result "0-1"]
[Round "03"]
[TimeControl "180+1"]
[Date "2022.03.01"]
[WhiteClock "0:00:01"]
[BlackClock "0:00:56"]

1. d4 d5 2. Bf4 Nf6 3. e3 e6 4. Nd2 Bd6 5. c3 O-O 6. Ngf3 c5 7. Bg3 Qc7 8. dxc5 Qxc5 9. c4 Bxg3 10. hxg3 Rd8 11. a3 dxc4 12. Bxc4 Nc6 13. Qc2 h6 14. b4 Qe7 15. O-O Bd7 16. Qb2 Rac8 17. Rac1 Be8 18. Rfd1 Rc7 19. Be2 Rdc8 20. Nb3 Nd5 21. Bd3 Nd8 22. Nbd4 Ba4 23. Re1 Be8 24. Ne5 Qf6 25. Ndf3 Nc3 26. Rc2 Ba4 27. Rd2 Qe7 28. Nd4 a6 29. f4 Be8 30. Rc2 Ba4 31. Rf2 Qd6 32. g4 Be8 33. Rc2 Nd5 34. Rxc7 Rxc7 35. Qf2 Rc3 36. Bb1 Rxa3 37. g5 hxg5 38. Qc2 g6 39. Nc4 Qxb4 40. Re2 Rc3 0-1


[Site "https://www.chess.com"]

[Event "Titled Tuesday Blitz March 01 Late 2022"]
[White "Wieczorek, Oskar"]
[Black "Suarez Uriel, Adrian"]
[WhiteFideId "1133950"]
[BlackFideId "22230874"]
[WhiteElo "2319"]
[BlackElo "2316"]
[Result "1-0"]
[Round "03"]
[TimeControl "180+1"]
[Date "2022.03.02"]
[WhiteClock "0:00:41"]
[BlackClock "0:01:56"]

1. e4 c5 2. Nf3 Nc6 3. b4 cxb4 4. d4 Nf6 5. d5 Na5 6. e5 Ng8 7. a3 b3 8. cxb3 b6 9. b4 Nb7 10. Nc3 d6 11. Bb5+ Bd7 12. Bc6 Qb8 13. Qa4 Qc7 14. Nb5 Qc8 15. Nxa7 Bxc6 16. dxc6 Nd8 17. c7+ Qd7 18. cxd8=Q+ Kxd8 19. Qxd7+ Kxd7 20. Nb5 g6 21. exd6 exd6 22. O-O Bg7 23. Rb1 1-0


[Site "https://www.chess.com"]

[Event "Titled Tuesday Blitz March 01 Late 2022"]
[White "Yurtseven, Melih"]
[Black "Zakhartsov, Vladimir"]
[WhiteFideId "6312160"]
[BlackFideId "4145097"]
[WhiteElo "2160"]
[BlackElo "2432"]
[Result "1-0"]
[Round "03"]
[TimeControl "180+1"]
[Date "2022.03.02"]
[WhiteClock "0:02:51"]
[BlackClock "0:02:48"]

1. Nf3 Nf6 2. g3 d5 3. Bg2 c6 4. O-O Bg4 5. d3 Nbd7 6. Nbd2 e5 7. e4 dxe4 8. dxe4 Qc7 9. Qe1 Bc5 10. h3 Bxf3 11. Bxf3 O-O 12. Kg2 Rad8 13. Nb3 Be7 14. Be3 Nb6 15. Qe2 Na4 16. c3 Bc5 17. Nxc5 1-0


[Site "https://www.chess.com"]

[Event "Titled Tuesday Blitz March 01 Late 2022"]
[White "Zarubitski, Viachaslau"]
[Black "Cupid, Kevin"]
[WhiteFideId "13509373"]
[BlackFideId "7700512"]
[WhiteElo "2325"]
[BlackElo "2096"]
[Result "0-1"]
[Round "03"]
[TimeControl "180+1"]
[Date "2022.03.01"]
[WhiteClock "0:00:01"]
[BlackClock "0:00:10"]

1. e4 c6 2. d4 d5 3. e5 Bf5 4. h4 h6 5. g4 Be4 6. f3 Bg6 7. h5 Bh7 8. e6 Qd6 9. exf7+ Kxf7 10. Ne2 Nd7 11. Bg2 e5 12. dxe5 Nxe5 13. O-O Nf6 14. Bf4 Qc5+ 15. Kh2 Nc4 16. Nbc3 Ne3 17. Bxe3 Qxe3 18. Nd4 Bd6+ 19. f4 Bxf4+ 20. Kh1 Qg3 21. Nf3 Rhe8 22. Ne2 Rxe2 23. Qxe2 Re8 24. Qf2 Qxg4 25. Nh2 Bxh2 26. Kxh2 Qxh5+ 27. Kg1 Re2 28. Qxa7 Be4 29. Rf2 Rxf2 30. Qxf2 Qg4 31. Kh2 Qh5+ 32. Kg1 Qg4 33. Kf1 Kg8 34. Re1 Bxg2+ 35. Qxg2 Qc4+ 36. Qe2 Qf4+ 37. Qf2 Qc4+ 38. Kg1 Qg4+ 39. Qg2 Qd4+ 40. Kf1 Ne4 41. Qe2 Qf6+ 42. Kg2 Qg5+ 43. Kh2 Qh4+ 44. Kg2 Qg3+ 45. Kh1 Nf2+ 46. Qxf2 Qxf2 47. Re8+ Kf7 48. Rb8 Qb6 49. b3 Qc7 50. Ra8 h5 51. a4 h4 52. b4 h3 53. a5 Kg6 54. Re8 Qg3 55. Re2 Qf3+ 0-1


[Site "https://www.chess.com"]

[Event "Titled Tuesday Blitz March 01 Late 2022"]
[White "Zhurbinsky, David"]
[Black "Burke, Paul"]
[WhiteFideId "2072904"]
[BlackFideId "2605767"]
[WhiteElo "2525"]
[BlackElo "1819"]
[Result "1-0"]
[Round "03"]
[TimeControl "180+1"]
[Date "2022.03.02"]
[WhiteClock "0:00:10"]
[BlackClock "0:00:06"]

1. e4 e5 2. Nf3 Nc6 3. Bb5 f5 4. d3 Nf6 5. O-O Be7 6. exf5 O-O 7. Bxc6 dxc6 8. Nxe5 Bxf5 9. Nc3 Bd6 10. Re1 Bxe5 11. Rxe5 Bg4 12. Qe1 Qd6 13. h3 Bd7 14. Bf4 Qb4 15. Bg5 Qxb2 16. Rb1 Qxc2 17. Rxb7 Qxd3 18. Rxc7 Bxh3 19. Ree7 Nh5 20. gxh3 Qxh3 21. Qe6+ Qxe6 22. Rxe6 Rf5 23. Be3 g6 24. Rexc6 Nf6 25. Rc8+ Rxc8 26. Rxc8+ Kf7 27. Rc7+ Ke6 28. Rxa7 Ng4 29. Ra6+ Kf7 30. Bd4 Nh6 31. Ne4 Ng4 32. Nd6+ Ke6 33. Nxf5+ Kxf5 34. f3 1-0


[Site "https://www.chess.com"]

[Event "Titled Tuesday Blitz March 01 Late 2022"]
[White "Abdrlauf, Elham"]
[Black "Christie, Joshua"]
[WhiteFideId "1533533"]
[BlackFideId "7402074"]
[WhiteElo "2334"]
[BlackElo "2078"]
[Result "1-0"]
[Round "04"]
[TimeControl "180+1"]
[Date "2022.03.01"]
[WhiteClock "0:02:03"]
[BlackClock "0:00:17"]

1. e4 e6 2. d4 d5 3. Nc3 Bb4 4. e5 c5 5. a3 Bxc3+ 6. bxc3 Qc7 7. Bd2 b6 8. Rb1 Ba6 9. Nf3 Bxf1 10. Kxf1 Ne7 11. g3 h5 12. Kg2 Nf5 13. h3 Nc6 14. Bf4 Rc8 15. g4 Nfe7 16. Qd3 Na5 17. Bg3 Ng6 18. Ng5 Nf8 19. Rbf1 cxd4 20. cxd4 Qxc2 21. Qe3 Nc4 22. Qf4 Qg6 23. Nf3 Qe4 24. Qxe4 dxe4 25. Ng5 e3 26. Ne4 Ng6 27. Rc1 O-O 28. Nd6 Nxd6 29. exd6 exf2 30. gxh5 Nh8 31. d7 Rcd8 32. Bd6 Rxd7 33. Bxf8 Kxf8 34. Rc8+ Ke7 35. Rxh8 Rxd4 36. Rf1 Rd3 37. Rxf2 Rxa3 38. Rh7 1-0


[Site "https://www.chess.com"]

[Event "Titled Tuesday Blitz March 01 Late 2022"]
[White "Albornoz Cabrera, Carlos Daniel"]
[Black "Gulecyuz, Deniz"]
[WhiteFideId "3518736"]
[BlackFideId "30921341"]
[WhiteElo "2805"]
[BlackElo "2116"]
[Result "1-0"]
[Round "04"]
[TimeControl "180+1"]
[Date "2022.03.02"]
[WhiteClock "0:01:25"]
[BlackClock "0:00:10"]

1. e4 c5 2. Nf3 Nc6 3. d4 cxd4 4. Nxd4 Nf6 5. Nc3 e5 6. Ndb5 d6 7. Bg5 a6 8. Na3 b5 9. Nd5 Be7 10. Bxf6 Bxf6 11. c4 Bg5 12. cxb5 Nd4 13. b6 O-O 14. Bc4 Kh8 15. O-O Rb8 16. Nc2 Nxc2 17. Qxc2 Be6 18. Nc7 Bxc4 19. Qxc4 Rxb6 20. b3 a5 21. Nd5 Rb8 22. g3 f5 23. h4 Bh6 24. exf5 Rxf5 25. Qe4 Rf8 26. Rad1 Qd7 27. Rd3 Qh3 28. Rf3 Rfc8 29. Ne7 Rc1 30. Rxc1 Bxc1 31. Nf5 Ba3 32. g4 d5 33. Qxe5 Qxg4+ 34. Rg3 Qd1+ 35. Kg2 Rg8 36. Rxg7 Bf8 1-0


[Site "https://www.chess.com"]

[Event "Titled Tuesday Blitz March 01 Late 2022"]
[White "Aldokhin, Ivan"]
[Black "Redzisz, Michal"]
[WhiteFideId "24115720"]
[BlackFideId "21816107"]
[WhiteElo "2231"]
[BlackElo "1961"]
[Result "1-0"]
[Round "04"]
[TimeControl "180+1"]
[Date "2022.03.02"]
[WhiteClock "0:00:48"]
[BlackClock "0:00:05"]

1. e4 c5 2. Nf3 d6 3. d4 cxd4 4. Nxd4 Nf6 5. Nc3 g6 6. Bc4 Bg7 7. Bb3 O-O 8. h3 Nc6 9. Be3 Bd7 10. O-O Rc8 11. f4 Nxd4 12. Bxd4 Bc6 13. Qe1 Nd7 14. Bxg7 Kxg7 15. Rd1 Nc5 16. f5 Nxb3 17. axb3 Qa5 18. Qh4 Qe5 19. Rde1 h6 20. Kh1 g5 21. Qf2 f6 22. Qxa7 h5 23. Rd1 Bxe4 24. Rfe1 Rxc3 25. bxc3 Qxf5 26. Qe3 d5 27. c4 e6 28. cxd5 exd5 29. c4 Re8 30. Qg3 d4 31. Rf1 Qc5 32. Qf2 Re6 33. Qxd4 1-0


[Site "https://www.chess.com"]